 Dungeon Crawl Stone Soup version 0.21.1-1-g345015fe64 (webtiles) character file.

695 Mrkan the Basher (level 7, -6/64 HPs)
             Began as a Minotaur Fighter on May 10, 2018.
             Was an Initiate of Makhleb.
             Mangled by a wight
             ... wielding a cursed +4 dire flail
              (10 damage)
             ... on level 6 of the Dungeon.
             The game lasted 00:08:45 (4354 turns).

Mrkan the Basher (Minotaur Fighter)                 Turns: 4354, Time: 00:08:46

Health: -6/64      AC:  9    Str: 21    XL:     7   Next: 37%
Magic:  6/6        EV:  7    Int:  5    God:    Makhleb [......]
Gold:   247        SH:  8    Dex: 11    Spells: 6/6 levels left

rFire    . . .     SeeInvis .   p - +0 morningstar
rCold    . . .     Gourm    .   c - +0 shield
rNeg     . . .     Faith    +   b - +0 scale mail
rPois    .         Spirit   .   (helmet restricted)
rElec    .         Reflect  .   k - +0 cloak
rCorr    .         Harm     .   (no gloves)
MR       .....                  (no boots)
Stlth    ..........             o - amulet of faith
HPRegen  0.20/turn              (no ring)
MPRegen  0.10/turn              (no ring)

@: heavily drained
A: retaliatory headbutt, horns 2, slimy green scales 1, MP-powered wands
a: Renounce Religion


You were on level 6 of the Dungeon.
You worshipped Makhleb.
Makhleb was noncommittal.
You were hungry.

You visited 2 branches of the dungeon, and saw 7 of its levels.

You collected 247 gold pieces.

Inventory:

Hand Weapons
 a - a +1 flail
 p - a +0 morningstar (weapon)
Armour
 b - a +0 scale mail (worn)
 c - a +0 shield (worn)
 k - a +0 cloak (worn)
Jewellery
 o - an amulet of faith (around neck)
 t - a cursed ring of teleportation {unknown}
 x - an uncursed amulet of harm {unknown}
 y - an uncursed ring of fire {unknown}
 A - a +2 ring of protection {unknown}
Wands
 w - a wand of acid (10)
Scrolls
 e - a scroll of teleportation
 g - a scroll of magic mapping
 i - 2 scrolls of identify
 j - 2 scrolls of remove curse
 n - 2 scrolls of amnesia {unknown}
 s - a scroll of fog {unknown}
Potions
 d - a potion of might
 h - a potion of cancellation {unknown}
 l - a potion of mutation
 m - a potion of ambrosia
 q - a potion of curing {unknown}
 r - a potion of brilliance {unknown}
 u - a potion of agility
 v - a potion of lignification {unknown}
 z - a potion of flight {unknown}
 B - a potion of magic {unknown}
Comestibles
 f - 6 rations


   Skills:
 + Level 6.6(4.4) Fighting
 * Level 8.3(6.0) Maces & Flails
 - Level 3.6(1.6) Armour
 - Level 3.6(1.6) Shields


You had 6 spell levels left.
You didn't know any spells.

Dungeon Overview and Level Annotations

Branches:
Dungeon (6/15)             Temple (1/1) D:6

Altars:
Ashenzari
Cheibriados
Elyvilon
Fedhas
Gozag
Hepliaklqana
Kikubaaqudgha
Makhleb
Nemelex Xobeh
Okawaru
Ru
Sif Muna
Trog
Uskayaw
Vehumet
Wu Jian
Xom
Yredelemnul
Zin


Innate Abilities, Weirdness & Mutations

You reflexively headbutt those who attack you in melee.
You have a pair of horns on your head.
You are partially covered in slimy green scales. (AC +2)
You expend magic power (3 MP) to strengthen your wands.


Message History

The wight hits you with an enchanted war axe.
* * * LOW HITPOINT WARNING * * *
You feel drained.
You puncture the wight! You headbutt the wight.
The wight is heavily damaged.
The wight hits you with an enchanted war axe!
* * * LOW HITPOINT WARNING * * *
You feel drained.
* * * LOW HITPOINT WARNING * * *
You puncture the wight!
You destroy the wight!
Makhleb accepts your kill.
You closely miss the wight. Your headbutt misses the wight.
The wight is severely damaged.
Your shield prevents you from hitting the wight.
Your headbutt misses the wight.
The wight is severely damaged.
The wight closely misses you.
The wight hits you with an enchanted dire flail!
You die...

#..## #.....#....# #.......
#...####.....#....# #.......
#............#....# .#.......
#........###+#....# ..#.......
#....#####....##'######..#.......
.....##..#....#..........#.......
.........#....#..........#.......
.........#....#......###+#.......
.........#....##@##..##..#.......
.........##'####z##..##..#.......
...........z.z..z........'.......
.....................##..#...>...
.........##...##+######..#.......
.........##...##.....##.<#.......
..........+..............#.......
.............P...........#.......
..........P..P...........#.......


You could see 2 wights.

Vanquished Creatures
  A phantom (D:4)
  A sky beast (D:5)
  An ogre (D:5)
  A wight (D:6)
  A hound (D:4)
  Crazy Yiuf (D:2)
  An orc priest (D:3)
  4 orc wizards (D:3)
  A worker ant (D:4)
  A hound skeleton (D:4)
  6 adders
  An ooze (D:3)
  4 worms
  6 leopard geckos
  12 orcs
  A ball python (D:2)
  2 bats
  2 giant cockroaches
  11 goblins
  7 hobgoblins
  5 jackals
  7 kobolds
  2 quokkas (D:3)
  3 frilled lizards
  A leopard gecko zombie (D:5)
  7 rats
  A bush (D:2)
91 creatures vanquished.

Vanquished Creatures (others)
  A human (D:3)
1 creature vanquished.

Grand Total: 92 creatures vanquished

Notes
Turn   | Place    | Note
-------+----------+-------------------------------------------
     0 | D:1      | Mrkan the Minotaur Fighter began the quest for the Orb.
     0 | D:1      | Reached XP level 1. HP: 19/19 MP: 0/0
   349 | D:1      | Reached skill level 3 in Maces & Flails
   352 | D:1      | Reached XP level 2. HP: 25/27 MP: 1/1
  1390 | D:2      | Reached XP level 3. HP: 28/33 MP: 2/2
  1549 | D:2      | Reached skill level 4 in Maces & Flails
  1807 | D:2      | Found a runed door.
  2141 | D:2      | Noticed Crazy Yiuf
  2146 | D:2      | Killed Crazy Yiuf
  2146 | D:2      | Reached XP level 4. HP: 41/41 MP: 3/3
  2218 | D:3      | Reached skill level 5 in Maces & Flails
  2310 | D:3      | Reached XP level 5. HP: 40/47 MP: 4/4
  2352 | D:3      | Reached skill level 5 in Fighting
  2388 | D:3      | Found an ancient bone altar of Kikubaaqudgha.
  2391 | D:3      | Noticed a human
  2393 | D:3      | Killed a human
  2431 | D:3      | Reached skill level 6 in Maces & Flails
  2450 | D:3      | Reached XP level 6. HP: 48/56 MP: 5/5
  3111 | D:4      | Reached skill level 7 in Maces & Flails
  3288 | D:5      | Entered Level 5 of the Dungeon
  3296 | D:5      | Noticed a sky beast
  3308 | D:5      | Killed a sky beast
  3308 | D:5      | Reached XP level 7. HP: 63/63 MP: 6/6
  3348 | D:5      | Found an opulent altar of Gozag.
  3464 | D:5      | Reached skill level 8 in Maces & Flails
  3541 | D:5      | Found a blossoming altar of Fedhas.
  3541 | D:5      | Found an ancient bone altar of Kikubaaqudgha.
  3635 | D:5      | Found an ornate altar of the Wu Jian Council.
  4138 | D:6      | Found a staircase to the Ecumenical Temple.
  4140 | D:6      | Found a glowing silver altar of Zin.
  4140 | D:6      | Found a shimmering altar of Xom.
  4140 | D:6      | Found a snail-covered altar of Cheibriados.
  4185 | Temple   | Entered the Ecumenical Temple
  4286 | Temple   | Became a worshipper of Makhleb the Destroyer
  4348 | D:6      | Gained mutation: You expend magic power (3 MP) to strengthen your wands. [potion of mutation]
  4348 | D:6      | Gained mutation: You are partially covered in slimy green scales. (AC +2) [potion of mutation]
  4351 | D:6      | HP: 3/64 [wight/enchanted war axe (3)]
  4354 | D:6      | Mangled by a wight

Skill      XL: |  1  2  3  4  5  6  7 |
---------------+----------------------+-----
Maces & Flails | 3 4 5 6 7 8 |  8.3
Fighting       | 4 5 6 |  6.6
Armour         | |  3.6
Shields        | |  3.6

Action                   |  1- 3 |  4- 6 |  7- 9 || total
-------------------------+-------+-------+-------++-------
Melee: Flail             |   117 |   125 |       ||   242
       Headbutt          |    24 |    30 |    10 ||    64
       Morningstar       |       |     9 |    37 ||    46
  Use: Scroll            |       |     6 |       ||     6
       Potion            |       |       |     1 ||     1
  Eat: Chunk             |     3 |     1 |     3 ||     7
       Ration            |       |     1 |       ||     1
Armor: Scale mail        |    52 |    51 |    14 ||   117
Dodge: Dodged            |    26 |    45 |    10 ||    81
Block: Shield            |    50 |    60 |    20 ||   130
